 Dungeon Crawl Stone Soup version 0.31-a0-1025-g2e47921a08 (webtiles) character file.

Game seed: 5997550580732737265

3605 Anon1729 the Fighter (level 9, 0/74 HPs)
             Began as a Minotaur Monk on Nov 17, 2023.
             Was a Priest of Hepliaklqana.
             Killed from afar by a larval batfire beast (10 damage)
             ... with a blast of flame
             ... on level 8 of the Dungeon.
             The game lasted 00:05:48 (7002 turns).

Anon1729 the Fighter (Minotaur Monk)                Turns: 7002, Time: 00:05:49

Health: 0/74       AC:  6    Str: 29    XL:     9   Next: 86%
Magic:  11/11      EV: 15    Int:  7    God:    Hepliaklqana [***...]
Gold:   404        SH:  0    Dex: 13    Spells: 8/8 levels left

rFire   . . .        f - +2 hand axe (vamp)
rCold   . . .        d - orb {light}
rNeg    . . .        E - +2 robe "Qummux Buile" {Str+3 Stlth+}
rPois   .            (helmet restricted)
rElec   .            (no cloak)
rCorr   .            (no gloves)
SInv    .            D - +1 pair of boots
Will    .....        w - amulet of regeneration
Stlth   +            i - +6 ring of strength
HPRegen 1.12/turn    (no ring)
MPRegen 0.12/turn

%: no passive effects
@: glowing
A: reduced essence, horns 2, retaliatory headbutt
a: Renounce Religion, Recall Ancestor, Ancestor Identity, Transference


You were on level 8 of the Dungeon.
You worshipped Hepliaklqana.
Hepliaklqana was most pleased with you.
You visited 1 branch of the dungeon, and saw 8 of its levels.
You also visited: Ossuary.

You collected 404 gold pieces.

Inventory:

Hand Weapons
 a - a +0 falchion
 f - a +2 vampiric hand axe (weapon)
Armour
 b - a +0 robe
 d - an orb of light (worn)
 D - a +1 pair of boots (worn)
 E - the +2 robe "Qummux Buile" (worn) {Str+3 Stlth+}
   (You found it on level 6 of the Dungeon)

   Str+3:     It affects your strength (+3).
   Stlth+:    It makes you more stealthy.
Jewellery
 i - a +6 ring of strength (left hand)
 u - an amulet of guardian spirit
 w - an amulet of regeneration (around neck)
 y - a ring of fire
Wands
 k - a wand of polymorph (6)
 s - a wand of flame (25)
 A - a wand of roots (18)
 G - a wand of mindburst (17)
 I - a wand of acid (11)
Scrolls
 g - 6 scrolls of teleportation
 h - 4 scrolls of blinking
 l - a scroll of brand weapon
 m - 2 scrolls of noise
 p - 4 scrolls of amnesia
 t - a scroll of fog
 x - a scroll of silence
 z - a scroll of acquirement {unknown}
 B - a scroll of poison {unknown}
 F - a scroll of enchant weapon {unknown}
 H - a scroll of immolation {unknown}
Potions
 c - a potion of ambrosia
 e - 2 potions of lignification {unknown}
 j - 3 potions of heal wounds
 n - 2 potions of degeneration {unknown}
 o - 10 potions of curing {unknown}
 q - 2 potions of brilliance {unknown}
 r - 2 potions of attraction {unknown}
 v - 2 potions of berserk rage {unknown}
 C - a potion of cancellation {unknown}
 J - a potion of magic {unknown}


   Skills:
 + Level 9.3 Fighting
 - Level 4.4 Long Blades
 + Level 8.0 Axes
 + Level 5.7 Armour
 + Level 8.4 Dodging
 + Level 4.6 Invocations


You had 8 spell levels left.
You didn't know any spells.
Your spell library contained the following spells:

 Spells                   Type           Power      Damage    Failure   Level
 Kiss of Death            Conj/Necr      0%         2d5       43%         1
 Blink                    Tloc           0%         N/A       56%         2
 Cigotuvi's Dreadful Rot  Necr/Pois/Air  0%         N/A       56%         2
 Ensorcelled Hibernation  Hex/Ice        0%         N/A       56%         2
 Jinxbite                 Hex            0%         N/A       56%         2
 Lesser Beckoning         Tloc           0%         N/A       56%         2
 Momentum Strike          Conj/Tloc      0%         3d8       56%         2
 Static Discharge         Conj/Air       0%         3-3/arc   56%         2
 Confusing Touch          Hex            0%         N/A       80%         3
 Ignite Poison            Fire/Tmut/Pois 0%         N/A       80%         3
 Airstrike                Air            0%         2d(0-16)  99%         4
 Anguish                  Hex/Necr       0%         N/A       99%         4
 Dispel Undead            Necr           0%         3d6       99%         4
 Summon Lightning Spire   Summ/Air       0%         N/A       99%         4
 Freezing Cloud           Conj/Ice/Air   0%         6-21      100%        5


Dungeon Overview and Level Annotations

Branches:
Dungeon (8/15)             Temple (0/1) D:6         Ossuary (visited)
   Lair: D:8-11

Altars:
Elyvilon
Fedhas
Hepliaklqana
Ru
Sif Muna
Uskayaw
Vehumet


Innate Abilities, Weirdness & Mutations

Your life essence is reduced to manifest your ancestor. (-10% HP)
You have a pair of horns on your head.
You reflexively headbutt those who attack you in melee.


Message History

Kammani hits the juvenile shockox beast with a +0 quarterstaff.
Things that are here:
a mutant beast corpse; a mutant beast corpse It was a potion of heal wounds.
You feel much better. The juvenile shockox beast hits you!
The juvenile shockox beast tramples you.
You stumble backwards!
A larval batfire beast comes into view.
The orc barely misses you. The orc hits you with a +0 flail.
The larval batfire beast moves out of view.
The larval fireweird beast roars deafeningly!
You hit the juvenile shockox beast.
The juvenile shockox beast is moderately wounded.
You hit the orc but do no damage. You slash the orc!
You feel better.
You kill the orc!
The juvenile shockox beast bursts into living lightning!
The living lightning hits you!
The juvenile shockox beast blinks!
The orc closely misses you.
You slash the orc!
You kill the orc!
You hit the orc but do no damage.
The orc hits Kammani with a +0 flail.
The larval batfire beast breathes flames at you.
The blast of flame hits you!
The blast of flame hits the orc!
The orc dies!
Kammani points at the juvenile shockox beast and mumbles some strange words.
The puff of frost hits the juvenile shockox beast.
The juvenile shockox beast resists.
You swap places.
The orc warrior completely misses you.
The juvenile shockox beast bursts into living lightning!
The living lightning hits Kammani!
The living lightning hits you!
* * * LOW HITPOINT WARNING * * *
The juvenile shockox beast blinks!
The larval fireweird beast breathes flames at you.
The blast of flame hits Kammani.
Kammani resists.
Kammani is destroyed!
The blast of flame misses you.
The larval batfire beast breathes flames at you.
The blast of flame hits you!
You die...

##.........#
#..........# ...
##..........# ..#
##..###......###
..## ##..##
#......#.# ##H..#
#..##
#.......###.... .
.)##
#.......##...##...
.##
#........##.......#
.#
...##....H@.....ยง..
.# .##
#.....oo)......
.###.
#........#.H}...
......
#.....#.....)...
......
....##.##........
...... ....#
#####..#.... ......
...# ....... ......
.. ....... ......


You could see 3 mutant beasts, an orc warrior and an orc.

Vanquished Creatures
  Grinder (D:4)
  2 steam dragons (D:6)
  Menkaure (D:4)
  A water moccasin (D:6)
  2 sky beasts
  An ice beast (D:7)
  An orc warrior (D:8)
  An ogre (D:6)
  The ghost of AncientFaroe the Covered, an amateur HuFi (D:3)
  3 scorpions
  2 mutant beasts (D:8)
  8 hounds
  A jelly (D:4)
  3 orc priests
  A gnoll bouda (D:8)
  Terence (D:2)
  Natasha (thrice) (D:4)
  2 iguanas (D:5)
  6 orc wizards
  2 mummies (Ossuary)
  5 gnolls
  6 adders
  A shadow imp (D:6)
  A white imp (D:5)
  3 adder zombies (Ossuary)
  2 worms (D:2)
  3 dart slugs
  21 orcs
  5 endoplasms
  4 giant cockroaches
  15 goblins
  7 hobgoblins
  2 jackals (D:3)
  5 kobolds
  2 quokkas
  13 ball pythons
  6 bats
  3 frilled lizards
  3 gnoll zombies (Ossuary)
  4 hobgoblin zombies (Ossuary)
  6 kobold zombies (Ossuary)
  5 orc zombies (Ossuary)
  4 rats
  A spectral orc (D:3)
170 creatures vanquished.

Vanquished Creatures (collateral kills)
  An unseen horror (D:8)
  Prince Ribbit (D:8)
  2 water moccasins
  An ogre (D:5)
  A phantom (D:6)
  A bullfrog (D:7)
  A scorpion (D:6)
  2 orc priests
  2 hounds
  4 orc wizards
  2 gnolls
  An ufetubus (D:6)
  4 orcs
  An endoplasm (D:2)
24 creatures vanquished.

Vanquished Creatures (others)
  A battlemage (D:8)
  2 orcs (D:8)
3 creatures vanquished.

Grand Total: 197 creatures vanquished

Notes
Turn   | Place    | Note
-------+----------+-------------------------------------------
     0 | D:1      | Anon1729 the Minotaur Monk began the quest for the Orb.
     0 | D:1      | Reached XP level 1. HP: 19/19 MP: 0/0
   129 | D:1      | Reached XP level 2. HP: 27/27 MP: 1/1
   199 | D:1      | Reached skill level 4 in Fighting
   806 | D:2      | Reached XP level 3. HP: 33/33 MP: 2/2
   835 | D:2      | Noticed Terence
   841 | D:2      | Killed Terence
   842 | D:2      | Reached XP level 4. HP: 34/41 MP: 3/3
  1144 | D:2      | Reached skill level 1 in Axes
  1195 | D:2      | You fall into a shaft and drop 2 floors!
  1195 | D:3      | Identified the of Avveam Osiwk
  1198 | D:4      | Found a sand-covered staircase.
  1209 | Ossuary  | Entered an ossuary
  1347 | Ossuary  | Reached skill level 5 in Fighting
  1407 | Ossuary  | Reached XP level 5. HP: 9/48 MP: 4/4
  1412 | Ossuary  | HP: 2/48 [mummy (8)]
  1618 | D:4      | Found a white marble altar of Elyvilon.
  1618 | D:4      | Found a radiant altar of Vehumet.
  1619 | D:4      | Found a hide-covered altar of Uskayaw.
  1787 | D:4      | Noticed Menkaure
  1801 | D:4      | Killed Menkaure
  1802 | D:4      | Reached skill level 5 in Dodging
  1802 | D:4      | Reached XP level 6. HP: 20/57 MP: 5/5
  1978 | D:4      | Noticed Grinder
  2014 | D:4      | Killed Grinder
  2015 | D:4      | Reached skill level 6 in Fighting
  2015 | D:4      | Reached XP level 7. HP: 11/64 MP: 6/6
  2240 | D:4      | Noticed Natasha
  2248 | D:4      | Killed Natasha
  2631 | D:4      | Noticed Natasha
  2636 | D:4      | Killed Natasha
  2836 | D:4      | Reached skill level 7 in Fighting
  2930 | D:4      | Noticed Natasha
  2937 | D:4      | Killed Natasha
  2938 | D:4      | Reached skill level 5 in Axes
  2985 | D:3      | Found a hazy altar of Hepliaklqana.
  3039 | D:3      | Found a shimmering blue altar of Sif Muna.
  3090 | D:3      | Found a runed translucent door.
  3123 | D:3      | Noticed AncientFaroe's ghost (amateur HuFi)
  3921 | D:3      | Killed AncientFaroe's ghost
  3991 | D:3      | Became a worshipper of Hepliaklqana the Forgotten
  3991 | D:3      | Reached * piety under Hepliaklqana
  3991 | D:3      | Reached ** piety under Hepliaklqana
  3992 | D:3      | Remembered your ancestor Kammani as a battlemage
  4086 | D:2      | Found a sacrificial altar of Ru.
  4309 | D:5      | Entered Level 5 of the Dungeon
  4341 | D:5      | Reached XP level 8. HP: 54/65 MP: 7/7
  4395 | D:5      | Reached skill level 1 in Armour
  4504 | D:5      | Found a blossoming altar of Fedhas.
  4525 | D:5      | Reached skill level 1 in Invocations
  5045 | D:6      | Found a staircase to the Ecumenical Temple.
  5054 | D:6      | Reached skill level 8 in Fighting
  5396 | D:6      | Reached XP level 9. HP: 56/73 MP: 10/10
  5863 | D:6      | Identified the +2 robe "Qummux Buile" {Str+3 Stlth+}
  6217 | D:7      | Reached *** piety under Hepliaklqana
  6819 | D:8      | Noticed Prince Ribbit
  6821 | D:8      | Reached skill level 9 in Fighting
  6821 | D:8      | Reached skill level 5 in Armour
  6833 | D:8      | Killed Prince Ribbit
  6966 | D:8      | Noticed an unseen horror
  6970 | D:8      | Killed an unseen horror
  6993 | D:8      | Noticed a juvenile shockox beast
  7002 | D:8      | Killed from afar by a larval batfire beast

Illustrated notes

Levels and vault maps discovered:
D:1:      scummos_arrival_simple_fountains, layout_loops_ring
D:2:      kennysheep_the_goblin_king, layout_rooms, basic_altar, uniq_terence
D:3:      layout_basic, hellmonk_sif_muna_bookshelves,
          nicolae_hepliaklqana_monster_ancestors, ebering_ghost_reflecting_pool,
          grunt_ministairs_9, minmay_close_crescents
D:4:      layout_loops_ring, gammafunk_temple_overflow_forgotten,
          nicolae_ossuary_entry_ruins, guppyfry_early_lair_pool, uniq_grinder,
          uniq_menkaure, uniq_natasha
D:5:      layout_basic, mainiacjoe_overflow_six_doors_small, serial_glass,
          glass_columns_a, glass_columns_a, nicolae_nh_ransacked_shop
D:6:      cheibrodos_steamvent, layout_cave_pods,
          minmay_temple_entry_drinking_statues, serial_column_ruins,
          column_ruins_hut, column_ruins_columns_straight,
          column_ruins_open_small, column_ruins_open_large,
          column_ruins_open_tiny, column_ruins_corridor_corner, minmay_circle_x
D:7:      layout_loops_ring, nicolae_twisty_statue_hallways
D:8:      layout_layer_cave, mainiacjoe_overflow_catwalk, nrook_uturn,
          nicolae_beast_mode, uniq_prince_ribbit1

Skill      XL: |  1  2  3  4  5  6  7  8  9 |
---------------+----------------------------+-----
Fighting       | 4 5 6 7 8 9 |  9.3
Long Blades    | 4 |  4.4
Dodging        | 4 5 6 7 8 |  8.4
Axes           | 1 3 4 5 6 8 |  8.0
Armour         | 3 5 |  5.7
Invocations    | 3 4 |  4.6

Action                     |  1- 3 |  4- 6 |  7- 9 || total
---------------------------+-------+-------+-------++-------
  Melee: Falchion          |    50 |   122 |    32 ||   204
         Headbutt          |    12 |    34 |    60 ||   106
         Hand axe          |       |       |   171 ||   171
 Invoke: Ancestor Life: Ba |       |       |     1 ||     1
  Evoke: Wand              |       |     1 |       ||     1
    Use: Potion            |       |     1 |     1 ||     2
         Scroll            |       |       |     7 ||     7
   Stab: Distracted        |       |       |     1 ||     1
 Armour: Robe              |    26 |    65 |   105 ||   196
  Dodge: Dodged            |    25 |    92 |   126 ||   243

Table legend: (Time is in decaauts)
 A = Elapsed time spent in this place.
 B = Non-inter-level travel time spent in this place.
 C = Inter-level travel time spent in this place.
 D = Time resting spent in this place.
 E = Time spent auto-exploring this place.
 F = Levels seen in this place.
 G = Mean time per level.
                   A        B        C        D        E       F      G
               +--------+--------+--------+--------+--------+-----+--------+
         Total |   7030 |   6672 |    358 |    341 |   5388 |   9 |  781.1 |
       Dungeon |   6627 |   6269 |    358 |    182 |   5240 |   8 |  828.4 |
       Ossuary |    403 |    403 |      0 |    159 |    148 |   1 |  403.0 |
               +--------+--------+--------+--------+--------+-----+--------+

Top non-repeatable levels by time:
     D:4: 1420 daAuts
     D:6: 1129 daAuts
     D:3: 1128 daAuts
     D:1: 803 daAuts
     D:5: 717 daAuts
     D:7: 656 daAuts
     D:2: 586 daAuts
 Ossuary: 403 daAuts
     D:8: 185 daAuts
